 Dungeon Crawl Stone Soup version 0.21.1-1-g345015f (webtiles) character file.

20 GoodBoy the Sneak (level 2, -1/22 HPs)
             Began as a Naga Enchanter on Mar 4, 2018.
             Slain by Terence
             ... wielding a +0 flail
              (9 damage)
             ... on level 2 of the Dungeon.
             The game lasted 00:03:55 (1791 turns).

GoodBoy the Sneak (Naga Enchanter)                  Turns: 1791, Time: 00:03:56

Health: -1/22      AC:  1    Str: 10    XL:     2   Next: 79%
Magic:  4/5        EV: 10    Int: 15    God:
Gold:   50         SH:  0    Dex: 11    Spells: 4/5 levels left

rFire    . . .     SeeInvis +   a - +1 dagger
rCold    . . .     Gourm    .   (no shield)
rNeg     . . .     Faith    .   b - +0 robe
rPois    +         Spirit   .   (no helmet)
rElec    .         Reflect  .   (no cloak)
rCorr    .         Harm     .   (no gloves)
MR       .....                  (no barding)
Stlth    +++.......             (no amulet)
HPRegen  0.07/turn              (no ring)
MPRegen  0.09/turn              (no ring)

@: very slow
A: large, see invisible, deformed body, poison resistance, slowness 2, slow
metabolism 1, spit poison 1, AC +0
a: Spit Poison


You were on level 2 of the Dungeon.
You were not hungry.

You visited 1 branch of the dungeon, and saw 2 of its levels.

You collected 50 gold pieces.

Inventory:

Hand Weapons
 a - a +1 dagger (weapon)
 m - a +0 hunting sling
Missiles
 f - 12 poisoned needles
 i - 12 stones (quivered)
 l - 2 throwing nets
 n - 10 bolts
Armour
 b - a +0 robe (worn)
Scrolls
 e - a scroll of fog {unknown}
 k - 3 scrolls of identify {unknown}
 q - a scroll of teleportation {unknown}
Potions
 g - a potion of might {unknown}
 h - a potion of brilliance {unknown}
 j - a potion of curing {unknown}
 o - a potion of mutation {unknown}
Books
 c - a book of Maledictions

   Spells                             Type                      Level
   a - Corona                         Hexes                        1
   b - Ensorcelled Hibernation        Hexes/Ice                    2
   c - Confuse                        Hexes                        3
   d - Tukima's Dance                 Hexes                        3
   e - Dazzling Spray                 Conjuration/Hexes            3
Comestibles
 d - 6 rations
 p - a chunk of flesh


   Skills:
 + Level 1.1 Short Blades
 + Level 1.8 Dodging
 * Level 5.3 Stealth
 - Level 2.0 Spellcasting
 + Level 3.1 Hexes


You had 4 spell levels left.
You knew the following spells:

 Your Spells              Type           Power        Failure   Level  Hunger
a - Corona                Hex            ##.....      6%          1    #......


Dungeon Overview and Level Annotations

Branches:
Dungeon (2/15)

Altars:

Annotations:
D:2 Terence


Innate Abilities, Weirdness & Mutations

You cannot wear boots.
Your serpentine skin is tough. (AC +0)
You have supernaturally acute eyesight. (SInv)
Armour fits poorly on your strangely shaped body.
Your system is resistant to poisons. (rPois)
You cover ground very slowly.
You have a slow metabolism.
You can spit poison.


Message History

Terence is outlined in light.
Terence closely misses you.
You hit Terence but do no damage.
Terence is moderately wounded.
Terence closely misses you.
You hit Terence.
Terence is heavily wounded.
You hit Terence.
Terence is severely wounded.
Terence barely misses you.
You hit Terence but do no damage.
Terence is severely wounded.
Terence hits you with a flail.
You hit Terence but do no damage.
Terence is severely wounded.
Terence hits you with a flail.
You hit Terence but do no damage.
Terence is severely wounded.
You have got your breath back.
Terence hits you with a flail!
You die...

# #.#
#.#'#+### #
#.# #.....).#
# #.#
#.......# #
#.###.......#
#
#...........#
#
#######+###.#
# #.# #
###.###.# #
#.@.....# #
#.#@....# #
#.#.....# #
#.#.##### #
#.#.# #.#.#
#.#.# #.#..
#.#


You could see Terence.

Vanquished Creatures
  3 goblins
  3 hobgoblins (D:1)
  2 bats (D:1)
  3 frilled lizards
  6 kobolds
  4 rats
21 creatures vanquished.

Notes
Turn   | Place    | Note
-------+----------+-------------------------------------------
     0 | D:1      | GoodBoy the Naga Enchanter began the quest for the Orb.
     0 | D:1      | Reached XP level 1. HP: 15/15 MP: 3/3
   497 | D:2      | Reached XP level 2. HP: 22/22 MP: 5/5
  1109 | D:1      | Reached skill level 5 in Stealth
  1779 | D:2      | Noticed Terence
  1791 | D:2      | Slain by Terence

Skill      XL: |  1  2 |
---------------+-------+-----
Stealth        | 5 |  5.3
Short Blades   | |  1.1
Dodging        | |  1.8
Spellcasting   | |  2.0
Hexes          | |  3.1

Action                   || total
-------------------------++-------
Melee: Dagger            ||    67
Throw: Stone             ||     5
 Cast: Corona            ||     5
 Abil: Spit Poison       ||     1
 Stab: Sleeping          ||     7
  Eat: Chunk             ||     2
Armor: Robe              ||    11
Dodge: Dodged            ||    52
